 Dungeon Crawl Stone Soup version 0.26-a0-631-ged93497179 (webtiles) character file.

Game seed: 5192575518093246529

58 flt the Chucker (level 4, -1/46 HPs)
             Began as an Ogre Hunter on Sept 12, 2020.
             Slain by a quokka (2 damage)
             ... on level 2 of the Dungeon.
             The game lasted 00:03:23 (1677 turns).

flt the Chucker (Ogre Hunter)                       Turns: 1677, Time: 00:03:24

Health: -1/46      AC:  4    Str: 17    XL:     4   Next: 2%
Magic:  4/4        EV: 10    Int: 12    God:
Gold:   8          SH:  0    Dex:  9    Spells: 3/3 levels left

rFire    . . .     SeeInvis .   a - +0 short sword
rCold    . . .     Faith    .   (no shield)
rNeg     . . .     Spirit   .   b - +0 robe
rPois    .         Reflect  .   (helmet restricted)
rElec    .         Harm     .   u - +0 cloak (curse)
rCorr    .         Rampage  .   (gloves unavailable)
MR       .....                  (boots unavailable)
Stlth    +.........             (no amulet)
HPRegen  0.15/turn              (no ring)
MPRegen  0.09/turn              (no ring)

@: slowed, very slow
A: large, unfitting armour, tough skin 1
a: no special abilities


You were on level 2 of the Dungeon.
You visited 1 branch of the dungeon, and saw 2 of its levels.

You collected 8 gold pieces.

Inventory:

Hand Weapons
 a - a +0 short sword (weapon)
 h - a cursed -2 club
Missiles
 c - 4 large rocks (quivered)
 d - 4 throwing nets
 i - 57 stones
Armour
 b - a +0 robe (worn)
 u - a cursed +0 cloak (worn)
Jewellery
 f - an uncursed ring of protection from cold {unknown}
 l - an uncursed ring of stealth {unknown}
Scrolls
 e - 3 scrolls of identify {unknown}
 j - a scroll of teleportation {unknown}
 k - a scroll of enchant armour {unknown}
 m - a scroll of random uselessness {unknown}
 n - a scroll of amnesia {unknown}
 o - 2 scrolls of remove curse {unknown}
 p - a scroll of immolation {unknown}
Potions
 g - a potion of resistance {unknown}
 q - a potion of brilliance {unknown}
 r - a potion of cancellation {unknown}
 s - 2 potions of might {unknown}
 t - a potion of curing {unknown}
 v - 2 potions of lignification {unknown}


   Skills:
 + Level 3.6 Fighting
 * Level 4.8 Throwing
 + Level 2.3 Dodging
 - Level 0.6 Stealth


You had 3 spell levels left.
You didn't know any spells.
Your spell library was empty.

Dungeon Overview and Level Annotations

Branches:
Dungeon (2/15)

Altars:

Annotations:
D:2 Jessica


Innate Abilities, Weirdness & Mutations

You are too large for most types of armour.
You have tough skin. (AC +1)


Message History

The quokka closely misses you.
Jessica gestures wildly.
Jessica hits you with a +10 club!
The quokka bites you but does no damage.
Jessica gestures at you while chanting.
You feel yourself slow down.
You see here a scroll labeled ZACLOI CYCZE.
Throwing (i - inventory. (/) - cycle)
c - 5 large rocks (quivered)
Press: ? - help, Shift-Dir - straight line, f - Jessica
Aim: Jessica, wielding a +10 club and wearing a +0 robe You throw a large rock.
The large rock hits Jessica.
Jessica is moderately wounded.
The quokka barely misses you. The quokka closely misses you.
Jessica hits you with a +10 club!
The quokka bites you but does no damage.
Jessica casts a spell at you. Pain shoots through your body!
* * * LOW HITPOINT WARNING * * *
The quokka bites you.
You die...

#... #...##
#..... .$...
#...## #....
#..(.# #....
#....# #.....
##.@r## #.....
#...@# #.....
#######....#
#.....
#..........# ..
......
#........†.# #.
......
#..........# ..
######
#..........# . #
#..........# .#
#
##########.###.#
# #.....# #


You could see Jessica and a quokka.

Vanquished Creatures
  3 adders (D:2)
  A dart slug (D:1)
  4 giant cockroaches
  6 hobgoblins
  2 jackals (D:2)
  2 kobolds (D:1)
  3 bats (D:1)
  5 goblins
  2 rats (D:1)
28 creatures vanquished.

Notes
Turn   | Place    | Note
-------+----------+-------------------------------------------
     0 | D:1      | flt the Ogre Hunter began the quest for the Orb.
     0 | D:1      | Reached XP level 1. HP: 22/22 MP: 1/1
   385 | D:1      | Reached XP level 2. HP: 29/29 MP: 2/2
  1350 | D:2      | Reached XP level 3. HP: 36/37 MP: 3/3
  1653 | D:2      | Reached XP level 4. HP: 46/46 MP: 4/4
  1671 | D:2      | Noticed Jessica
  1677 | D:2      | HP: 1/46 [Jessica/nerve-wracking pain (14)]
  1677 | D:2      | Slain by a quokka

Illustrated notes

Levels and vault maps discovered:
D:1:      dpeg_arrival_houses_and_road, layout_loops_corners,
          wad_floor_pattern_untrapped
D:2:      layout_basic, uniq_natasha, uniq_jessica

Skill      XL: |  1  2 |
---------------+-------+-----
Fighting       | 3 |  3.6
Dodging        | 2 |  2.3
Throwing       | |  4.8
Stealth        | |  0.6

Action                   |  1- 3 |  4- 6 || total
-------------------------+-------+-------++-------
Melee: Short sword       |   124 |    13 ||   137
Throw: Large rock        |     4 |     1 ||     5
 Stab: Sleeping          |     1 |       ||     1
Armor: Robe              |    36 |     5 ||    41
Dodge: Dodged            |    59 |    11 ||    70

Table legend: (Time is in decaauts)
 A = Elapsed time spent in this place.
 B = Non-inter-level travel time spent in this place.
 C = Inter-level travel time spent in this place.
 D = Time resting spent in this place.
 E = Time spent auto-exploring this place.
 F = Levels seen in this place.
 G = Mean time per level.
                   A        B        C        D        E       F      G
               +--------+--------+--------+--------+--------+-----+--------+
         Total |   1695 |   1647 |     48 |    370 |    924 |   2 |  847.5 |
       Dungeon |   1695 |   1647 |     48 |    370 |    924 |   2 |  847.5 |
               +--------+--------+--------+--------+--------+-----+--------+

Top non-repeatable levels by time:
     D:1: 1343 daAuts
     D:2: 352 daAuts
